 Dungeon Crawl Stone Soup version 0.30-a0-634-g8abc85282e (webtiles) character file.

Game seed: 14151584187494438250

109 Dartaoz the Chopper (level 4, -6/39 HPs)
             Began as a Hill Orc Monk on Jan 14, 2023.
             Was a Believer of Beogh.
             Mangled by a gnoll
             ... wielding a +1 halberd of protection
              (13 damage)
             ... on level 3 of the Dungeon.
             The game lasted 00:06:25 (2419 turns).

Dartaoz the Chopper (Hill Orc Monk)                 Turns: 2419, Time: 00:06:26

Health: -6/39      AC:  5    Str: 15    XL:     4   Next: 89%
Magic:  4/4        EV: 12    Int: 10    God:    Beogh [**....]
Gold:   168        SH:  0    Dex: 13    Spells: 3/3 levels left

rFire   . . .      SeeInvis .    a - +0 hand axe
rCold   . . .      Faith    .    (no shield)
rNeg    . . .      Spirit   .    d - +0 leather armour
rPois   .          Reflect  .    (no helmet)
rElec   .          Harm     .    (no cloak)
rCorr   .          Rampage  .    (no gloves)
Will    .....                    (no boots)
Stlth   ++                       (no amulet)
HPRegen 0.26/turn                (no ring)
MPRegen 0.09/turn                (no ring)

@: mighty
A: iridescent scales 1, wild magic 1
a: Renounce Religion, Smiting


You were on level 3 of the Dungeon.
You worshipped Beogh.
Beogh was pleased with you.
You visited 1 branch of the dungeon, and saw 3 of its levels.

You collected 168 gold pieces.

Inventory:

Hand Weapons
 a - a +0 hand axe (weapon)
Armour
 b - a +0 robe
 d - a +0 leather armour (worn)
Jewellery
 f - a ring of fire
Scrolls
 c - a scroll of amnesia {unknown}
 e - a scroll of teleportation {unknown}
 g - a scroll of immolation {unknown}
 j - a scroll of blinking
Potions
 i - a potion of might
 k - a potion of haste {unknown}
 l - a potion of flight


   Skills:
 - Level 3.6 Fighting
 + Level 7.2 Axes
 - Level 2.4 Dodging
 - Level 1.5 Stealth


You had 3 spell levels left.
You didn't know any spells.
Your spell library contained the following spells:

 Spells                   Type           Power      Damage    Failure   Level
 Sting                    Tmut/Pois      0%         1d3       52%         1
 Poisonous Vapours        Pois/Air       0%         N/A       65%         2
 Olgreb's Toxic Radiance  Pois           0%         N/A       99%         4
 Ozocubu's Refrigeration  Ice            0%         4d7       100%        7
 Ignition                 Fire           0%         3d3       100%        8


Dungeon Overview and Level Annotations

Branches:
Dungeon (3/15)

Altars:
Beogh


Innate Abilities, Weirdness & Mutations

You are partially covered in iridescent scales. (AC +2)
Your spells are a little harder to cast, but a little more powerful.


Message History

You barely miss the gnoll.
The gnoll is lightly wounded.
The gnoll hits you with a +4 whip of venom!
You are too injured to fight recklessly!
You are too injured to fight recklessly!
You are too injured to fight recklessly!
You hit the gnoll.
The gnoll is heavily wounded.
The gnoll misses you. The gnoll barely misses you.
You hit the gnoll.
The gnoll is severely wounded.
The gnoll misses you.
The gnoll hits you with a +4 whip of venom.
You are poisoned.
You feel better. The gnoll hits you but does no damage.
The gnoll closely misses you.
You barely miss the gnoll.
The gnoll is severely wounded.
The gnoll closely misses you. x2
You slash the gnoll!
You kill the gnoll!
Beogh accepts your kill.
The gnoll hits you from afar with a +1 halberd of protection!
The gnoll barely misses you.
The gnoll hits you from afar with a +2 vampiric spear.
Things that are here:
a +4 whip of venom; a +0 flail You closely miss the gnoll.
The gnoll barely misses you.
The gnoll hits you from afar with a +2 vampiric spear.
* * * LOW HITPOINT WARNING * * *
You hit the gnoll.
The gnoll is moderately wounded.
You closely miss the gnoll.
The gnoll is moderately wounded.
The gnoll hits you with a +1 halberd of protection.
* * * LOW HITPOINT WARNING * * *
The gnoll barely misses you.
You feel very mighty all of a sudden.
The gnoll hits you with a +1 halberd of protection!
You die...

####.## #.# #.....† #.#
#.##.## ##+# #.# #......
##...# #.# #^##.## #.....#
####.# #.##..# .......##
##.##.# #.###.#
..g.....####...#.####......
........gg@................
.........###......###......
.......#(.##..##..# #####.#
#.....###...†.....# #.#
##...# #.........# #.# ##+#
#..8.8....# #.#
#....>...#.# #.#
#...8.8....# #.#
#.........### ...


You could see 2 gnolls.

Vanquished Creatures
  2 gnolls (D:3)
  2 adders (D:2)
  A worm (D:2)
  2 dart slugs
  4 orcs (D:2)
  2 ball pythons
  5 endoplasms
  2 giant cockroaches
  5 goblins (D:1)
  9 hobgoblins
  2 kobolds (D:1)
  3 quokkas (D:1)
  7 bats
  A frilled lizard (D:1)
  8 rats
55 creatures vanquished.

Notes
Turn   | Place    | Note
-------+----------+-------------------------------------------
     0 | D:1      | Dartaoz the Hill Orc Monk began the quest for the Orb.
     0 | D:1      | Reached XP level 1. HP: 19/19 MP: 1/1
   235 | D:1      | Reached XP level 2. HP: 26/26 MP: 2/2
   274 | D:1      | Reached skill level 5 in Axes
   537 | D:1      | Reached XP level 3. HP: 30/31 MP: 3/3
  1298 | D:2      | Found a roughly hewn altar of Beogh.
  1308 | D:2      | Reached skill level 6 in Axes
  1419 | D:2      | Gained mutation: Your spells are a little harder to cast,
                  | but a little more powerful. [potion of mutation]
  1419 | D:2      | Gained mutation: You are partially covered in iridescent
                  | scales. (AC +2) [potion of mutation]
  1423 | D:2      | Became a worshipper of Beogh the Brigand
  1423 | D:2      | Reached * piety under Beogh
  1423 | D:2      | Reached ** piety under Beogh
  1449 | D:2      | Found a faded altar of an unknown god.
  1687 | D:2      | Reached XP level 4. HP: 29/39 MP: 4/4
  2409 | D:3      | Reached skill level 7 in Axes
  2419 | D:3      | Mangled by a gnoll

Illustrated notes

Levels and vault maps discovered:
D:1:      tarquinn_simple_flora_water_a, layout_loops_corners,
          minmay_hexomino_p4
D:2:      layout_basic, hellmonk_ecumenical_altar_defaced_shrine
D:3:      layout_loops_corners, portal_sewer_entry_e, st_stairs_14,
          minmay_misc_feat_rows, minmay_misc_feat_tower

Skill      XL: |  1  2  3  4 |
---------------+-------------+-----
Axes           | 5 6 7 |  7.2
Fighting       | |  3.6
Dodging        | |  2.4
Stealth        | |  1.5

Action                   |  1- 3 |  4- 6 || total
-------------------------+-------+-------++-------
Melee: Hand axe          |   139 |    63 ||   202
       Punch             |     1 |     1 ||     2
  Use: Potion            |     3 |     2 ||     5
       Scroll            |       |     3 ||     3
 Stab: Sleeping          |     6 |     3 ||     9
Armor: Robe              |    19 |       ||    19
       Leather armour    |       |    13 ||    13
Dodge: Dodged            |    88 |    39 ||   127

Table legend: (Time is in decaauts)
 A = Elapsed time spent in this place.
 B = Non-inter-level travel time spent in this place.
 C = Inter-level travel time spent in this place.
 D = Time resting spent in this place.
 E = Time spent auto-exploring this place.
 F = Levels seen in this place.
 G = Mean time per level.
                   A        B        C        D        E       F      G
               +--------+--------+--------+--------+--------+-----+--------+
         Total |   2420 |   2333 |     87 |      0 |   1866 |   3 |  806.7 |
       Dungeon |   2420 |   2333 |     87 |      0 |   1866 |   3 |  806.7 |
               +--------+--------+--------+--------+--------+-----+--------+

Top non-repeatable levels by time:
     D:1: 1189 daAuts
     D:2: 1013 daAuts
     D:3: 217 daAuts
